 Dungeon Crawl Stone Soup version 0.23-a0-481-g60b89c1 (webtiles) character file.

4497 Ollyphant the Grappler (level 10, -7/92 HPs)
             Began as a Troll Warper on Nov 29, 2018.
             Was a High Priest of Okawaru.
             Mangled by an orc warrior (16 damage)
             ... in a bailey.
             The game lasted 00:20:37 (8798 turns).

Ollyphant the Grappler (Troll Warper)               Turns: 8798, Time: 00:20:38

Health: -7/92      AC:  5    Str: 21    XL:     10   Next: 16%
Magic:  15/15      EV: 10    Int: 12    God:    Okawaru [*****.]
Gold:   687        SH:  0    Dex: 12    Spells: 9/17 levels left

rFire    + . .     SeeInvis .     - Unarmed
rCold    x . .     Gourm    +   (no shield)
rNeg     . . .     Faith    .   a - +0 robe
rPois    .         Spirit   .   (helmet restricted)
rElec    .         Reflect  .   (no cloak)
rCorr    .         Harm     .   (gloves unavailable)
MR       .....                  (boots unavailable)
Stlth    +.........             F - amulet of regeneration
HPRegen  1.05/turn              C - ring of fire
MPRegen  0.14/turn              k - +3 ring of dexterity

@: no status effects
A: large, unfitting armour, claws 3, fast metabolism 3, gourmand, regeneration
1, shaggy fur 1, tough skin 2
a: Heroism, Finesse, Renounce Religion


You were in a bailey.
You worshipped Okawaru.
Okawaru was extremely pleased with you.
You were very full.

You visited 2 branches of the dungeon, and saw 10 of its levels.
You also visited: Sewer and Bailey.

You collected 687 gold pieces.

Inventory:

Hand Weapons
 i - a +0 arbalest
 j - a +0 spear
 y - a +0 blowgun
 D - a +2 trident
Missiles
 d - 5 tomahawks of dispersal
 A - 18 poisoned needles
 E - 2 tomahawks (quivered)
 G - 62 bolts
Armour
 a - a +0 robe (worn)
Jewellery
 k - a +3 ring of dexterity (right claw)
 C - a ring of fire (left claw)
 F - an amulet of regeneration (around neck)
Wands
 p - a wand of flame (22)
 w - a wand of polymorph (7)
Scrolls
 c - 3 scrolls of blinking
 g - 4 scrolls of teleportation
 h - a scroll of amnesia
 l - 3 scrolls of immolation
 m - 2 scrolls of fog
 n - 6 scrolls of magic mapping
 r - 2 scrolls of remove curse
 s - 2 scrolls of fear
 t - 2 scrolls of brand weapon
 u - a scroll of enchant armour
 B - 3 scrolls of identify
Potions
 b - 3 potions of curing
 e - 2 potions of agility
 o - a potion of flight
 v - a potion of brilliance
 x - a potion of haste
Comestibles
 f - 20 rations
 q - 2 chunks of flesh


   Skills:
 - Level 4.1 Fighting
 - Level 0.8 Throwing
 - Level 1.9 Dodging
 - Level 11.3 Unarmed Combat
 * Level 4.2 Spellcasting
 * Level 4.7 Translocations


You had 9 spell levels left.
You knew the following spells:

 Your Spells              Type           Power        Failure   Level  Hunger
a - Blink                 Tloc           N/A          4%          2    ##.....
b - Passage of Golubria   Tloc           N/A          30%         4    ####...
c - Shroud of Golubria    Chrm/Tloc      #.........   12%         2    ##.....

Your spell library contained the following spells:

 Spells                   Type           Power        Failure   Level  Hunger
 Gell's Gravitas          Tloc           ##........   10%         3    ###....
 Lesser Beckoning         Tloc           ##........   10%         3    ###....
 Teleport Other           Tloc           ##......     10%         3    ###....


Dungeon Overview and Level Annotations

Branches:
Dungeon (9/15)             Temple (1/1) D:5
   Lair: D:8-11         Orc: D:9-12

Altars:
Ashenzari
Cheibriados
Dithmenos
Elyvilon
Fedhas
Gozag
Kikubaaqudgha
Makhleb
Nemelex Xobeh
Okawaru
Qazlal
Ru
Sif Muna
Trog
Uskayaw
Vehumet
Wu Jian
Xom
Yredelemnul
Zin
The Shining One

Annotations:
D:1 exclusion: downstairs
D:4 exclusion: door
D:6 exclusions: downstairs and statue


Innate Abilities, Weirdness & Mutations

You are too large for most types of armour.
You have claws for hands.
Your metabolism is lightning-fast.
You like to eat raw meat.
Your natural rate of healing is unusually fast.
You are covered in fur. (AC +1)
You have very tough skin. (AC +2)


Message History

The orc warrior shoots a bolt.
The bolt hits you!!
* * * LOW HITPOINT WARNING * * *
You see here a bolt.
An orc warrior comes into view. It is wielding a +0 arbalest.
The orc warrior shouts!
The orc warrior shoots a bolt.
The bolt hits you but does no damage.
You see here a bolt.
The orc warrior shoots a bolt.
The bolt hits you.
* * * LOW HITPOINT WARNING * * *
You see here a bolt.
The orc warrior shoots a bolt.
The bolt hits you.
* * * LOW HITPOINT WARNING * * *
You see here a bolt.
The orc warrior unwields a +0 arbalest.
The orc warrior hits you.
* * * LOW HITPOINT WARNING * * *
You are now empty-clawed.
You claw the orc warrior!
The orc warrior is moderately wounded.
The orc warrior hits you!
You die...

#################################
.................................
........................(........
.................................
.[.............).................
................@o...............
...............(.................
..≈≈≈≈≈.......(.........≈≈≈≈≈....
.≈≈#.#≈≈...............≈≈#.#≈≈...
.≈##.##≈....(..........≈##.##≈o..
.≈..^..≈...............≈).^..≈...
o≈##.∩#≈...............≈#∩.##≈...
.≈≈#.#≈≈.o....###......≈≈#.#≈≈...
..≈≈≈≈≈....#### ####....≈≈≈≈≈....


You could see 2 orc warriors.

Vanquished Creatures
  A two-headed ogre (D:9)
  2 hippogriffs (D:8)
  A wyvern (D:8)
  Eustachio (D:4)
  3 ice beasts
  A sky beast (D:5)
  4 orc warriors
  2 phantoms
  2 ogres (D:7)
  A necrophage (D:7)
  3 centaurs
  3 big kobolds (Sewer)
  A wyvern skeleton (D:9)
  A scorpion (D:7)
  4 wights (D:7)
  2 centaur zombies (D:5)
  2 crimson imps
  A bullfrog zombie (D:6)
  A hound (D:4)
  A gnoll shaman (D:9)
  A centaur skeleton (D:8)
  2 jellies
  7 orc priests
  5 orc wizards
  7 worker ants
  Robin (D:2)
  9 gnolls
  2 howler monkey skeletons (D:5)
  15 adders
  5 oozes (Sewer)
  An adder skeleton (D:5)
  7 worms
  3 dart slugs
  4 leopard geckos
  36 orcs
  4 ball pythons
  11 bats
  10 giant cockroaches
  18 goblins
  14 hobgoblins
  18 jackals
  6 frilled lizards
  14 kobolds
  13 rats
250 creatures vanquished.

Notes
Turn   | Place    | Note
-------+----------+-------------------------------------------
     0 | D:1      | Ollyphant the Troll Warper began the quest for the Orb.
     0 | D:1      | Reached XP level 1. HP: 19/19 MP: 1/1
    68 | D:1      | Reached XP level 2. HP: 9/28 MP: 3/3
    84 | D:1      | Learned a level 2 spell: Blink
   231 | D:1      | Reached XP level 3. HP: 32/35 MP: 4/4
   633 | D:2      | Reached skill level 3 in Unarmed Combat
   635 | D:2      | Reached XP level 4. HP: 41/42 MP: 5/5
   777 | D:2      | Found an iron altar of Okawaru.
   900 | D:2      | Found an ancient bone altar of Kikubaaqudgha.
   901 | D:2      | Noticed Robin
   948 | D:2      | Killed Robin
   948 | D:2      | Reached skill level 4 in Unarmed Combat
   973 | D:2      | Reached XP level 5. HP: 38/50 MP: 6/6
  1124 | D:2      | Became a worshipper of Warmaster Okawaru
  2294 | D:4      | Reached skill level 5 in Unarmed Combat
  2294 | D:4      | Reached XP level 6. HP: 59/59 MP: 7/7
  2414 | D:4      | Noticed an orc warrior
  2475 | D:4      | Noticed Eustachio
  2484 | D:4      | Killed Eustachio
  2484 | D:4      | Reached * piety under Okawaru
  2484 | D:4      | Reached skill level 6 in Unarmed Combat
  2484 | D:4      | Reached XP level 7. HP: 51/66 MP: 9/9
  2708 | D:4      | Found a sparkling altar of Nemelex Xobeh.
  2745 | D:4      | Found a glowing drain.
  2756 | Sewer    | Entered a sewer
  3000 | Sewer    | Reached skill level 7 in Unarmed Combat
  3293 | D:4      | Learned a level 4 spell: Passage of Golubria
  3296 | D:4      | Learned a level 2 spell: Shroud of Golubria
  3510 | D:5      | Entered Level 5 of the Dungeon
  3569 | D:5      | Reached XP level 8. HP: 70/75 MP: 10/10
  3592 | D:5      | Found a staircase to the Ecumenical Temple.
  3602 | Temple   | Entered the Ecumenical Temple
  3844 | D:5      | Reached ** piety under Okawaru
  4048 | D:5      | Reached skill level 8 in Unarmed Combat
  4725 | D:6      | Reached *** piety under Okawaru
  4725 | D:6      | Reached skill level 9 in Unarmed Combat
  4861 | D:6      | Found a burning altar of Makhleb.
  5013 | D:6      | Reached XP level 9. HP: 84/84 MP: 12/12
  5057 | D:6      | Found a radiant altar of Vehumet.
  7034 | D:7      | Found a basalt altar of Yredelemnul.
  7044 | D:7      | Reached skill level 10 in Unarmed Combat
  7426 | D:8      | Reached **** piety under Okawaru
  8268 | D:9      | Noticed a two-headed ogre
  8279 | D:9      | Killed a two-headed ogre
  8279 | D:9      | Reached ***** piety under Okawaru
  8279 | D:9      | Reached skill level 11 in Unarmed Combat
  8279 | D:9      | Reached XP level 10. HP: 79/92 MP: 14/14
  8322 | D:9      | Found a flagged portal.
  8418 | Bailey   | Entered a bailey
  8798 | Bailey   | Mangled by an orc warrior

Vault maps used:
D:1:      minmay_arrival_hallway
D:2:      old_standard_altar, first_ration, okawaru_trees_2, uniq_robin
D:3:      minmay_diamond_boxcup
D:4:      minmay_chambers_of_fours, nemelex_xobeh_ov_fountains_minmay,
          portal_sewer_entry_d, uniq_eustachio
D:5:      minmay_temple_entry_antechambers
D:6:      nicolae_overflow_hidden_temple, vehumet_statue
D:7:      basic_altar
D:8:      serial_column_ruins, column_ruins_columns_corner,
          column_ruins_corridor_dead_end, column_ruins_open_tiny,
          column_ruins_open_small
D:9:      lemuel_crystal_altar, serial_gnoll_camp, gnoll_camp_mini_hut,
          gnoll_camp_medium_01, gnoll_camp_mini_loothouse, gnoll_camp_huts_moat,
          gnoll_camp_medium_02, gnoll_camp_mini_hut, enter_bailey_3
Temple:   minmay_temple_bridge_d
Sewer:    sewer_co_tree
Bailey:   bailey_polearm_2, bailey

Skill      XL: |  1  2  3  4  5  6  7  8  9 10 |
---------------+-------------------------------+-----
Fighting       | 2 3 4 |  4.1
Unarmed Combat | 3 4 5 6 7 9 11 | 11.3
Spellcasting   | 2 3 4 |  4.2
Translocations | 3 4 |  4.7
Throwing       | |  0.8
Dodging        | |  1.9

Action                   |  1- 3 |  4- 6 |  7- 9 | 10-12 || total
-------------------------+-------+-------+-------+-------++-------
Melee: Unarmed           |    97 |   214 |   373 |    31 ||   715
       Punch             |       |       |    14 |     1 ||    15
 Fire: Arbalest          |       |       |       |    13 ||    13
Evoke: Wand              |       |       |     4 |       ||     4
  Use: Scroll            |       |       |    18 |       ||    18
       Potion            |       |       |     1 |     3 ||     4
  Eat: Chunk             |    11 |    18 |    46 |     8 ||    83
       Ration            |       |       |     1 |       ||     1
Armor: Robe              |    59 |    81 |    97 |     2 ||   239
Dodge: Dodged            |    72 |   112 |   156 |    24 ||   364

Table legend:
 A = Non-vault XP
 B = Vault XP
 C = Vault XP percentage of total XP
 D = Non-vault monster count
 E = Vault monster count
 F = Vault count percentage of total count
                 A         B        C        D         E       F
            +---------+---------+-------+---------+---------+-------
      Total |    5184 |    1241 |  19.3 |     184 |      66 |  26.4
            +---------+---------+-------+---------+---------+-------
        D:1 |      65 |       0 |   0.0 |      27 |       0 |   0.0
        D:2 |     144 |      36 |  20.0 |      28 |      12 |  30.0
        D:3 |      75 |      40 |  34.8 |      30 |       9 |  23.1
        D:4 |     245 |     377 |  60.6 |      10 |       4 |  28.6
        D:5 |     844 |       0 |   0.0 |      29 |       0 |   0.0
        D:6 |     727 |       0 |   0.0 |      23 |       0 |   0.0
        D:7 |     904 |       0 |   0.0 |      19 |       0 |   0.0
        D:8 |    1125 |       0 |   0.0 |      12 |       0 |   0.0
        D:9 |    1055 |      62 |   5.6 |       6 |       6 |  50.0
      Sewer |       0 |     442 | 100.0 |       0 |      28 | 100.0
     Bailey |       0 |     284 | 100.0 |       0 |       7 | 100.0
            +---------+---------+-------+---------+---------+-------
